[Event "ICC tourney 1900 (45 10)"]
[Site "Internet Chess Club"]
[Date "2020.07.04"]
[Round "3"]
[White "JunlinTheWorld"]
[Black "cloak1"]
[Result "1-0"]
[ICCResult "Black checkmated"]
[WhiteElo "1663"]
[BlackElo "1573"]
[Opening "Scotch gambit: Dubois-R?ti defense"]
[ECO "C55"]
[NIC "KP.02"]
[Time "16:04:07"]
[TimeControl "2700+10"]

1. e4 e5 2. Nf3 Nc6 3. d4 exd4 4. Bc4 Nf6 5. e5 d5 6. Bb5 Ne4 7. Nxd4 Bc5 8.
Be3 Bd7 9. Bxc6 bxc6 10. Nd2 Nxd2 11. Qxd2 O-O 12. O-O Qb8 13. Nxc6 Qb5 14.
Qxd5 Bxc6 15. Qxc5 Qb7 16. f3 Bd5 17. Rad1 Be6 18. b3 a5 19. a4 h6 20. Rd2
Rfe8 21. Rfd1 Bf5 22. h3 Kh7 23. Rd5 Be6 24. R5d3 Qa6 25. g4 Qb7 26. Kg2 h5
27. Bd2 hxg4 28. hxg4 Ra6 29. Rh1+ Kg8 30. Qe7 Qa8 31. Qh4 f6 32. exf6 Kf7
33. Qh5+ g6 34. Qh7+ Kxf6 35. Bc3+ Kg5 36. Rh5+ gxh5 37. Qxh5+ Kf4 38. Qe5#
{Black checkmated}
1-0

[Event "ICC tourney 1900 (45 10)"]
[Site "Internet Chess Club"]
[Date "2020.07.04"]
[Round "3"]
[White "Otelo"]
[Black "liguowh"]
[Result "0-1"]
[ICCResult "White checkmated"]
[WhiteElo "1635"]
[BlackElo "1739"]
[Opening "English: Neo-Catalan declined"]
[ECO "A14"]
[NIC "RE.09"]
[Time "16:03:44"]
[TimeControl "2700+10"]

1. Nf3 d5 2. c4 e6 3. g3 Nf6 4. Bg2 Be7 5. O-O O-O 6. b3 c6 7. Bb2 Nbd7 8.
d3 b5 9. Nbd2 Rb8 10. Rc1 bxc4 11. dxc4 Qa5 12. a3 c5 13. cxd5 exd5 14. Ne5
Nxe5 15. Bxe5 Rb7 16. Bc3 Qd8 17. e3 Bg4 18. Nf3 a5 19. Qc2 Qb6 20. Ne5 Be6
21. Rb1 Rfb8 22. Qd2 Qd6 23. Nd3 Ne4 24. Bxe4 dxe4 25. Ne5 Qxd2 26. Bxd2
Rxb3 27. Rxb3 Rxb3 28. Nc6 Bf6 29. Bxa5 Bd7 30. Nd8 Rb8 31. Rc1 Bxd8 32.
Bxd8 Rxd8 33. Rxc5 Ra8 34. Rc3 Bh3 35. a4 Rxa4 36. f4 Ra1+ 37. Kf2 Rh1 38.
g4 Bxg4 39. Kg3 f5 40. Kg2 Bf3+ 41. Kg3 Rg1+ 42. Kh3 Kf7 43. Rc7+ Kg6 44.
Rc6+ Kh5 45. Rc7 Bg4# {White checkmated} 0-1

[Event "ICC tourney 1900 (45 10)"]
[Site "Internet Chess Club"]
[Date "2020.07.04"]
[Round "3"]
[White "boredbanker"]
[Black "prnavneet"]
[Result "0-1"]
[ICCResult "White resigns"]
[WhiteElo "1346"]
[BlackElo "1493"]
[Opening "Queen's pawn: London system"]
[ECO "A45"]
[NIC "QP.07"]
[Time "16:03:51"]
[TimeControl "2700+10"]

1. d4 Nf6 2. Bf4 e6 3. e3 b6 4. Qf3 d5 5. c4 Bb7 6. Nc3 Be7 7. Bd3 O-O 8.
Nge2 Nbd7 9. Qh3 Ne4 10. f3 Nef6 11. g4 dxc4 12. Bxc4 Nd5 13. Bd3 g6 14.
Nxd5 exd5 15. Qg3 Bh4 16. Bxc7 Bxg3+ 17. Bxg3 Re8 18. Kf2 Nf6 19. Be5 a6 20.
h4 Nd7 21. Bf4 Nf8 22. Ng3 Ne6 23. Bh6 Qf6 24. g5 Qe7 25. Rae1 Qb4 26. Re2
Nxd4 27. a3 Qb3 28. exd4 Qxd3 29. Rhe1 Rxe2+ 30. Rxe2 Qxd4+ 31. Kg2 Qc5 32.
h5 Bc6 33. hxg6 hxg6 {White resigns} 0-1

[Event "ICC tourney 1900 (45 10)"]
[Site "Internet Chess Club"]
[Date "2020.07.04"]
[Round "3"]
[White "chessp1234"]
[Black "HAPPYKING99"]
[Result "1-0"]
[ICCResult "Black resigns"]
[WhiteElo "1424"]
[BlackElo "1245"]
[Opening "Sicilian: Kan variation"]
[ECO "B41"]
[NIC "SI.41"]
[Time "16:03:14"]
[TimeControl "2700+10"]

1. e4 c5 2. Nf3 e6 3. d4 cxd4 4. Nxd4 a6 5. g3 b5 6. Bg2 Bb7 7. O-O Qc7 8.
Be3 Nf6 9. Qd3 d6 10. a3 Nbd7 11. b4 Ne5 12. Qc3 Nc4 13. f3 d5 14. Nd2 Bd6
15. Nxc4 bxc4 16. exd5 exd5 17. Nf5 O-O 18. Nxd6 Qxd6 19. Bc5 Qc7 20. Bxf8
Rxf8 21. Rad1 Re8 22. Rfe1 Rxe1+ 23. Qxe1 h6 24. Qe3 Bc6 25. c3 Ba4 26. Rd4
a5 27. Qf4 Qb6 28. Kf2 axb4 29. axb4 Qa6 30. Qc1 Bb3 31. Qb2 Qa8 32. Qd2 Qa7
33. Bf1 Qb6 34. Be2 Ba4 35. Bd1 Bc6 36. Qa2 Nd7 37. Qa5 Qb7 38. Qd8+ Kh7 39.
Bc2+ g6 40. Qe7 Kg7 41. Rf4 Qa7+ 42. Kg2 Qa2 43. Rxf7+ {Black resigns} 1-0

[Event "ICC tourney 1900 (45 10)"]
[Site "Internet Chess Club"]
[Date "2020.07.04"]
[Round "3"]
[White "oneonethree"]
[Black "Kiwimonster31"]
[Result "0-1"]
[ICCResult "White resigns"]
[WhiteElo "1428"]
[BlackElo "1526"]
[Opening "Gr?nfeld: exchange, Simagin's improved variation"]
[ECO "D86"]
[NIC "GI.05"]
[Time "16:13:20"]
[TimeControl "2700+10"]

1. d4 Nf6 2. c4 g6 3. Nc3 d5 4. cxd5 Nxd5 5. e4 Nxc3 6. bxc3 Bg7 7. Bc4 O-O
8. Ne2 Nc6 9. Be3 b6 10. O-O Bb7 11. Qd2 Qd6 12. e5 Nxe5 13. dxe5 Qc6 14.
Bd5 Qxd5 15. Qxd5 Bxd5 16. f4 c5 17. Rad1 Bxa2 18. Rd7 Rfe8 19. Rfd1 Be6 20.
R7d2 f6 21. exf6 Bxf6 22. Rc1 Reb8 23. Ng3 a5 24. Ne4 Bg7 25. Ng5 Bc4 26.
Rd7 a4 27. Rxe7 a3 28. Bd2 a2 29. Ra1 b5 30. Ne6 Bf6 31. Nc7 Bxe7
{White resigns}
0-1

[Event "ICC tourney 1900 (45 10)"]
[Site "Internet Chess Club"]
[Date "2020.07.04"]
[Round "3"]
[White "DanielA1926"]
[Black "advaith06"]
[Result "0-1"]
[ICCResult "White checkmated"]
[WhiteElo "1245"]
[BlackElo "1595"]
[Opening "Queen's pawn: Yusupov-Rubinstein system"]
[ECO "A46"]
[NIC "QP.06"]
[Time "16:03:18"]
[TimeControl "2700+10"]

1. d4 Nf6 2. Nf3 e6 3. e3 b6 4. Bd3 Bb7 5. O-O Be7 6. Qe2 d5 7. Ne5 O-O 8.
f4 Ne4 9. Nd2 f5 10. g4 Nd7 11. g5 Nxe5 12. dxe5 c5 13. Nxe4 fxe4 14. Ba6
Bxa6 15. Qxa6 h6 16. gxh6 gxh6 17. Qe2 Kh7 18. Rf2 Rg8+ 19. Kh1 Qe8 20. Bd2
Qf7 21. Rg1 Rxg1+ 22. Kxg1 Rg8+ 23. Kh1 Qg6 24. Rg2 Qxg2+ 25. Qxg2 Rxg2 26.
Kxg2 d4 27. c3 d3 28. Kh3 c4 29. b4 cxb3 30. axb3 a5 31. c4 Bb4 32. f5 Bxd2
33. c5 bxc5 34. fxe6 Kg8 35. Kg2 Bxe3 36. Kf1 Kf8 37. e7+ Kxe7 38. e6 Kxe6
39. Ke1 h5 40. h4 Kf5 41. Kd1 Kg4 42. b4 a4 43. bxc5 a3 44. c6 a2 45. c7
a1=Q# {White checkmated} 0-1

[Event "ICC tourney 1900 (45 10)"]
[Site "Internet Chess Club"]
[Date "2020.07.04"]
[Round "3"]
[White "Tombstone"]
[Black "Singireddy"]
[Result "0-1"]
[ICCResult "White checkmated"]
[WhiteElo "1519"]
[BlackElo "1657"]
[Opening "King's Indian, 3.Nf3"]
[ECO "E60"]
[NIC "KI.79"]
[Time "16:03:36"]
[TimeControl "2700+10"]

1. d4 Nf6 2. c4 g6 3. Nf3 Bg7 4. g3 O-O 5. Bg2 d6 6. O-O c5 7. d5 Nbd7 8.
Nc3 Nb6 9. Qd3 e6 10. e4 exd5 11. Nxd5 Nfxd5 12. cxd5 Re8 13. Bg5 f6 14. Bf4
f5 15. Nd2 Bxb2 16. Rab1 Bg7 17. Qc2 Qf6 18. h4 h6 19. Be3 g5 20. hxg5 hxg5
21. f4 Nxd5 22. Qb3 Qf7 23. exd5 Rxe3 24. Qc2 Bd4 25. Rf2 Rxg3 26. Nf3 Bxf2+
27. Kxf2 gxf4 28. Qc4 Qg7 29. Bh1 Rg4 30. Qb5 Bd7 31. Qxb7 Re8 32. Qxa7 Qc3
33. Qa6 Qc2+ 34. Kf1 Qxb1+ 35. Kf2 Qxh1 36. Qxd6 Qg2# {White checkmated} 0-1

[Event "ICC tourney 1900 (45 10)"]
[Site "Internet Chess Club"]
[Date "2020.07.04"]
[Round "3"]
[White "Priccchess"]
[Black "playerlucky"]
[Result "1-0"]
[ICCResult "Black resigns"]
[WhiteElo "1609"]
[BlackElo "1398"]
[Opening "French defense"]
[ECO "C00"]
[NIC "FR.01"]
[Time "16:03:49"]
[TimeControl "2700+10"]

1. e4 e6 2. Nf3 d5 3. exd5 exd5 4. d4 Bd6 5. Bd3 Ne7 6. h3 c6 7. O-O f6 8.
c3 Qc7 9. Qc2 g6 10. b4 a6 11. Be3 Bf5 12. Nbd2 Nd7 13. a4 Bxd3 14. Qxd3 Nf5
15. Rfe1 O-O 16. Rac1 Rae8 17. Nb3 Nxe3 18. fxe3 f5 19. Rcd1 Nf6 20. Nc5 Ne4
21. c4 Bg3 22. Rf1 h6 23. cxd5 cxd5 24. Rc1 Qf7 25. Nd2 Qe7 26. Ndxe4 fxe4
27. Qb3 Rd8 28. Rxf8+ Kxf8 29. Rf1+ Kg7 30. Qd1 h5 31. Qe2 Rd6 32. b5 a5 33.
Nb3 b6 34. Qc2 Rf6 35. Rxf6 Qxf6 36. Qe2 Qd6 37. Nd2 Qa3 38. Nf1 Bd6 39. Qc2
Be7 40. Qc6 Qd6 41. Qxd6 Bxd6 42. Kf2 Kf6 43. Nd2 Bb4 44. Nb3 Kf5 45. g3 Bd6
46. Nd2 g5 47. Kg2 Bb4 48. Nb3 Bc3 49. Nc5 bxc5 50. b6 cxd4 51. b7 dxe3 52.
b8=Q d4 53. Kf1 d3 54. Qc8+ Kg6 55. Qxc3 e2+ 56. Kf2 Kf5 57. Ke3 {Black
resigns} 1-0

[Event "ICC tourney 1900 (45 10)"]
[Site "Internet Chess Club"]
[Date "2020.07.04"]
[Round "3"]
[White "HarleyQueen8"]
[Black "Frankiechess11"]
[Result "0-1"]
[ICCResult "White checkmated"]
[WhiteElo "1489"]
[BlackElo "1348"]
[Opening "QGD: exchange variation"]
[ECO "D35"]
[NIC "TD.08"]
[Time "16:03:36"]
[TimeControl "2700+10"]

1. d4 d5 2. c4 e6 3. Nc3 Nf6 4. cxd5 Nxd5 5. e4 Nxc3 6. bxc3 c5 7. Nf3 cxd4
8. cxd4 Bb4+ 9. Bd2 Bxd2+ 10. Qxd2 O-O 11. Bd3 Nc6 12. e5 b6 13. O-O Bb7 14.
Rac1 Qd5 15. Bc4 Qa5 16. Qd3 Nb4 17. Qe3 Rac8 18. Bb3 h6 19. Nd2 Nd5 20. Qg3
Rxc1 21. Rxc1 Qxd2 22. Rd1 Qb2 23. Bxd5 Bxd5 24. h3 Rc8 25. Qh4 Qxa2 26. Qf4
Rc2 27. Rc1 Rxc1+ 28. Qxc1 a5 29. Qc8+ Kh7 30. Qc7 a4 31. Qxb6 a3 32. Qc7
Qb1+ 33. Kh2 a2 34. Qxf7 a1=Q 35. Kg3 Qh1 36. f3 Qae1+ 37. Kf4 Qh2+ 38. Kg4
Qhg3+ 39. Kh5 Qg5# {White checkmated} 0-1

[Event "ICC tourney 1900 (45 10)"]
[Site "Internet Chess Club"]
[Date "2020.07.04"]
[Round "3"]
[White "harkerchess"]
[Black "DankMemer"]
[Result "0-1"]
[ICCResult "White resigns"]
[WhiteElo "1447"]
[BlackElo "1533"]
[Opening "English: Mikenas-Carls variation"]
[ECO "A18"]
[NIC "EO.64"]
[Time "16:03:49"]
[TimeControl "2700+10"]

1. c4 e6 2. e4 Nf6 3. Nc3 Bb4 4. e5 Ng8 5. d4 Ne7 6. Bd3 d6 7. exd6 cxd6 8.
Nf3 O-O 9. Bxh7+ Kxh7 10. Ng5+ Kg6 11. Qg4 f5 12. Qg3 f4 13. Bxf4 Nf5 14.
Qd3 e5 15. Bd2 exd4 16. g4 dxc3 17. bxc3 Bc5 18. gxf5+ Bxf5 19. Qg3 Re8+ 20.
Kd1 Qd7 21. a4 Nc6 22. Rg1 Ne5 23. Ne4+ Ng4 24. Nxc5 dxc5 25. h3 Rad8 26.
Ra2 Kf7 27. hxg4 Bb1 28. Qf4+ Kg8 29. Ra1 Qd3 30. Ra2 Bxa2 {White resigns}
0-1

[Event "ICC tourney 1900 (45 10)"]
[Site "Internet Chess Club"]
[Date "2020.07.04"]
[Round "3"]
[White "Kyle2007"]
[Black "poohfur"]
[Result "1-0"]
[ICCResult "Black resigns"]
[WhiteElo "1456"]
[BlackElo "1425"]
[Opening "Giuoco Piano"]
[ECO "C54"]
[NIC "IG.02"]
[Time "16:03:43"]
[TimeControl "2700+10"]

1. e4 e5 2. Nf3 Nc6 3. Bc4 Bc5 4. c3 Nf6 5. d4 exd4 6. cxd4 Bb4+ 7. Bd2 Nxe4
8. Bxb4 Nxb4 9. Bxf7+ Kxf7 10. Qb3+ d5 11. Qxb4 Rf8 12. O-O Kg8 13. Nc3 Rxf3
14. Nxe4 dxe4 15. gxf3 Bh3 16. Qb3+ Kh8 17. fxe4 Bxf1 18. Rxf1 Qg5+ 19. Qg3
Qa5 20. a3 Re8 21. f3 Re6 22. Kh1 Rg6 23. Qe5 Qa4 24. Qxc7 h6 25. Qc8+ Kh7
26. d5 Qb5 27. Rf2 Qd3 28. Qc2 Qe3 29. Qd2 Qb3 30. d6 Qa2 31. Rf1 Qc4 32.
Rd1 Qb3 33. Qe2 Qb6 34. d7 Qd8 35. e5 Re6 36. f4 g6 37. Qc4 {Black resigns}
1-0

[Event "ICC tourney 1900 (45 10)"]
[Site "Internet Chess Club"]
[Date "2020.07.04"]
[Round "3"]
[White "chessKingT"]
[Black "chessfirelord"]
[Result "1-0"]
[ICCResult "Black resigns"]
[WhiteElo "1419"]
[BlackElo "1248"]
[Opening "Sicilian: Nimzovich-Rossolimo attack (without ...d6)"]
[ECO "B30"]
[NIC "SI.31"]
[Time "16:04:10"]
[TimeControl "2700+10"]

1. e4 c5 2. Nf3 Nc6 3. Bb5 Nd4 4. Nxd4 cxd4 5. c3 dxc3 6. Nxc3 e5 7. d4 a6
8. Bc4 Qc7 9. Bb3 Nf6 10. Bg5 Be7 11. O-O O-O 12. Rc1 Qd6 13. dxe5 Qxe5 14.
f4 Qc5+ 15. Kh1 Qa7 16. e5 Ng4 17. Qxg4 d5 18. f5 {Black resigns} 1-0

[Event "ICC tourney 1900 (45 10)"]
[Site "Internet Chess Club"]
[Date "2020.07.04"]
[Round "3"]
[White "devalapallip"]
[Black "Ryan123455"]
[Result "0-1"]
[ICCResult "White resigns"]
[WhiteElo "1218"]
[BlackElo "1388"]
[Opening "King's Indian: orthodox, Aronin-Taimanov variation (Yugoslav attack / Mar del Plata variation)"]
[ECO "E97"]
[NIC "KI.15"]
[Time "16:04:04"]
[TimeControl "2700+10"]

1. d4 Nf6 2. c4 g6 3. Nc3 Bg7 4. Nf3 O-O 5. e4 d6 6. Be2 e5 7. O-O Nc6 8. d5
Ne7 9. Be3 Nd7 10. Ne1 a5 11. Nd3 f5 12. f4 exf4 13. Nxf4 Nf6 14. exf5 Nxf5
15. Bf2 Bh6 16. Nd3 Re8 17. Bf3 Ne3 18. Bxe3 Bxe3+ 19. Kh1 Bf5 20. Re1 h5
21. Re2 Ng4 22. Qe1 Bxd3 23. Bxg4 Bxe2 24. Be6+ Kh7 25. Qxe2 Bh6 26. Rf1 Rf8
27. Ne4 Rxf1+ 28. Qxf1 Qf8 29. Qd3 Qf4 30. Ng3 Rf8 31. h3 h4 32. Nh5 Qc1+
33. Kh2 Be3 34. Bg8+ Kh6 {White resigns} 0-1

[Event "ICC tourney 1900 (45 10)"]
[Site "Internet Chess Club"]
[Date "2020.07.04"]
[Round "3"]
[White "clair"]
[Black "chessisthebest1"]
[Result "0-1"]
[ICCResult "White resigns"]
[WhiteElo "1596"]
[BlackElo "1516"]
[Opening "Queen's pawn, Mason variation"]
[ECO "D00"]
[NIC "QP.08"]
[Time "16:03:37"]
[TimeControl "2700+10"]

1. d4 d5 2. Bf4 Nf6 3. e3 e6 4. Nf3 c5 5. c3 Nc6 6. Nbd2 Be7 7. Bd3 O-O 8.
h3 c4 9. Bc2 b5 10. O-O a5 11. Re1 Bb7 12. Ne5 Bd6 13. Bh2 Qc7 14. f4 b4 15.
Ng4 Qe7 16. Bg3 Nxg4 17. Qxg4 f5 18. Qh5 Qf7 19. Qxf7+ Rxf7 20. Bh2 Nb8 21.
Nf3 Nd7 22. Ng5 Re7 23. g4 g6 24. Kf2 Nf6 25. gxf5 exf5 26. Nf3 Ne4+ 27.
Bxe4 dxe4 28. Nd2 Bd5 29. Bg3 Rb7 30. h4 bxc3 31. bxc3 Rb2 32. Ke2 Rab8 33.
Reb1 Kf7 34. Kd1 Ke6 35. Kc1 Ba3 36. Kd1 Kd7 37. Rxb2 Rxb2 38. Be1 Kc6 39.
Ke2 Be6 40. Kd1 Kd5 41. Ke2 Bd7 42. Kd1 Ba4+ 43. Ke2 Bc2 44. Kf1 Bd3+ 45.
Kg1 Kc6 46. Kf2 Kb5 47. Kg3 Ka4 48. Kf2 Be7 49. Kg3 Ka3 50. d5 Rb5 51. Kf2
Rxd5 52. Nb1+ Ka4 53. Kg3 Rb5 54. Nd2 Rb2 55. Kh3 Ka3 56. h5 Rxa2 57. Nb1+
Kb2 58. Rxa2+ Kxa2 59. Nd2 Kb2 60. hxg6 hxg6 61. Bh4 Bxh4 62. Kxh4 a4 63.
Kg5 a3 64. Kxg6 a2 65. Kxf5 a1=Q 66. Nxe4 Qa8 67. Ke5 Qxe4+ 68. Kf6 Qxe3
{White resigns}
0-1

[Event "ICC tourney 1900 (45 10)"]
[Site "Internet Chess Club"]
[Date "2020.07.04"]
[Round "3"]
[White "Almanac2050"]
[Black "Aniketshukla"]
[Result "1/2-1/2"]
[ICCResult "Game drawn by mutual agreement"]
[WhiteElo "1646"]
[BlackElo "1552"]
[Opening "French: Tarrasch, closed variation, main line"]
[ECO "C06"]
[NIC "FR.17"]
[Time "16:03:45"]
[TimeControl "2700+10"]

1. e4 e6 2. d4 d5 3. Nd2 Nf6 4. e5 Nfd7 5. Bd3 c5 6. c3 Nc6 7. Ne2 cxd4 8.
cxd4 f6 9. exf6 Nxf6 10. Nf3 Bd6 11. Bf4 O-O 12. Bxd6 Qxd6 13. O-O e5 14.
dxe5 Nxe5 15. Nxe5 Qxe5 16. Qd2 Ng4 17. Ng3 Bd7 18. Rae1 Qd6 19. Bb1 Rf7 20.
Qg5 Raf8 21. Re2 Qc5 22. Nh1 Nf6 23. Bd3 a6 {Game drawn by mutual agreement}
1/2-1/2

[Event "ICC tourney 1900 (45 10)"]
[Site "Internet Chess Club"]
[Date "2020.07.04"]
[Round "3"]
[White "adchess"]
[Black "vikram251107"]
[Result "1-0"]
[ICCResult "Black resigns"]
[WhiteElo "2089"]
[BlackElo "1495"]
[Opening "Queen's pawn game"]
[ECO "D04"]
[NIC "QP.06"]
[Time "16:03:57"]
[TimeControl "2700+10"]

1. d4 Nf6 2. Nf3 d5 3. e3 c6 4. Bd3 e6 5. O-O Bd6 6. Nbd2 O-O 7. b3 Nbd7 8.
Bb2 b6 9. Qe2 Bb7 10. e4 dxe4 11. Nxe4 Nxe4 12. Qxe4 Nf6 13. Qh4 h6 14. Rfe1
c5 15. dxc5 Bxc5 16. Rad1 Qe7 17. Ne5 Nd5 18. Qxe7 Bxe7 19. Be4 Bb4 20. c3
Nxc3 21. Bxb7 Nxd1 22. Rxd1 Rab8 23. Ba6 Rbd8 24. Nd7 Rfe8 25. a3 Bf8 26. b4
Kh8 27. Be5 Re7 28. Bb5 a6 29. Bc6 Rc8 30. b5 axb5 31. Bxb5 Rxd7 32. Rxd7
Rc5 33. Rxf7 Rxb5 34. Rxf8+ Kh7 35. f4 g5 36. g3 gxf4 37. gxf4 Ra5 38. Rf6
Rxa3 39. Rxe6 Rb3 40. Kf2 b5 41. f5 Ra3 42. Re8 Ra2+ 43. Kf1 {Black resigns}
1-0

[Event "ICC tourney 1900 (45 10)"]
[Site "Internet Chess Club"]
[Date "2020.07.04"]
[Round "3"]
[White "shreyaschalla"]
[Black "aarushnaveen"]
[Result "0-1"]
[ICCResult "White resigns"]
[WhiteElo "1467"]
[BlackElo "1506"]
[Opening "Ruy Lopez: closed, Chigorin, 12...c5d4"]
[ECO "C99"]
[NIC "RL.24"]
[Time "16:03:33"]
[TimeControl "2700+10"]

1. e4 e5 2. Nf3 Nc6 3. Bb5 a6 4. Ba4 Nf6 5. O-O Be7 6. Re1 b5 7. Bb3 d6 8.
c3 Na5 9. Bc2 c5 10. d4 Qc7 11. Nbd2 O-O 12. h3 cxd4 13. cxd4 Nc6 14. Nb3 a5
15. Be3 a4 16. Nbd2 Bd7 17. Rc1 Qb7 18. d5 Nb4 19. a3 Nxc2 20. Qxc2 Rac8 21.
Qd3 Rxc1 22. Rxc1 Rc8 23. Rxc8+ Qxc8 24. Nb1 b4 25. axb4 Nxe4 26. Na3 f5 27.
b5 Qb7 28. Qc4 Kf7 29. b6 Nf6 30. Nxe5+ dxe5 31. d6+ Be6 32. Qc5 Bd8 33. Nc4
Bxc4 34. Qxc4+ Nd5 35. Qxa4 Bxb6 36. Bxb6 Nxb6 37. Qb3+ Kf6 38. d7 Qc7 39.
g4 fxg4 40. hxg4 Nxd7 41. Qf3+ Ke7 42. Qf5 Qc1+ 43. Kg2 Qf4 44. Qxh7 Qxg4+
45. Kf1 Nc5 46. Qc2 Ne6 47. Qc3 Qd1+ 48. Kg2 Nf4+ 49. Kh2 Qh5+ 50. Kg1 Qg4+
51. Kf1 Qd1+ 52. Qe1 Qd3+ 53. Kg1 Qg6+ {White resigns} 0-1

[Event "ICC tourney 1900 (45 10)"]
[Site "Internet Chess Club"]
[Date "2020.07.04"]
[Round "3"]
[White "Taechess"]
[Black "chessKingR"]
[Result "1/2-1/2"]
[ICCResult "Game drawn by repetition"]
[WhiteElo "1931"]
[BlackElo "1420"]
[Opening "Sicilian: Nimzovich-Rossolimo attack (without ...d6)"]
[ECO "B30"]
[NIC "SI.31"]
[Time "16:03:31"]
[TimeControl "2700+10"]

1. e4 c5 2. Nf3 Nc6 3. Bb5 d6 4. O-O Bd7 5. c3 a6 6. Bd3 Nf6 7. Bc2 g6 8.
Re1 Bg7 9. d4 O-O 10. h3 e5 11. a4 b5 12. Bg5 Qc7 13. d5 Ne7 14. Qd2 Rfb8
15. axb5 axb5 16. Rxa8 Rxa8 17. Na3 Rb8 18. Rd1 Ra8 19. Nxe5 Ra6 20. Nxd7
Qxd7 21. Qf4 Nh5 22. Qh4 Bf8 23. g4 Ng7 24. Nxb5 h6 25. Bf6 Qxb5 26. Bxe7
Bxe7 27. Qxe7 Qe2 28. Qb7 Qxc2 29. Qxa6 Qxd1+ 30. Kg2 Ne8 31. Qc6 Kf8 32. e5
dxe5 33. Qxc5+ Kg8 34. c4 Qd3 35. Qc8 Kf8 36. Qc5+ Kg8 37. Qc8 Kf8 38. Qc5+
Kg8 39. Qc8 {Game drawn by repetition} 1/2-1/2

[Event "ICC tourney 1900 (45 10)"]
[Site "Internet Chess Club"]
[Date "2020.07.04"]
[Round "3"]
[White "natez"]
[Black "imranchamp"]
[Result "1-0"]
[ICCResult "Black checkmated"]
[WhiteElo "1460"]
[BlackElo "1522"]
[Opening "King's Indian, 3.Nf3"]
[ECO "E60"]
[NIC "KI.77"]
[Time "16:03:17"]
[TimeControl "2700+10"]

1. d4 Nf6 2. Nf3 g6 3. c4 c5 4. e3 Bg7 5. Nc3 O-O 6. Be2 cxd4 7. exd4 d6 8.
O-O b6 9. Be3 Bb7 10. d5 Nbd7 11. Bd4 a6 12. Qd2 Qc7 13. Rac1 Rac8 14. Rfe1
Rfe8 15. h3 h5 16. Bd3 Nc5 17. Be2 Nce4 18. Nxe4 Nxe4 19. Qc2 Nf6 20. Qb3
Nd7 21. Bxg7 Kxg7 22. Ng5 Nf8 23. Qg3 Nh7 24. Bxh5 Nxg5 25. Qxg5 Rh8 26. Bg4
Rce8 27. b3 Rh6 28. Rc3 f6 29. Qd2 Bc8 30. Bxc8 Qxc8 31. Rce3 Qd7 32. Re6
Rh5 33. Qe3 Re5 34. Rxe5 fxe5 35. Qxb6 Rf8 36. Qe3 Qf5 37. Qe2 g5 38. c5 Qf7
39. Qd2 Kg6 40. c6 e6 41. dxe6 Qxe6 42. Rd1 Rf6 43. c7 Qd7 44. Qc2+ Kf7 45.
c8=Q Qxc8 46. Qxc8 Kg7 47. Qd7+ Kh8 48. Rxd6 Rxf2 49. Kxf2 e4 50. Re6 e3+
51. Kxe3 g4 52. Re8# {Black checkmated} 1-0

[Event "ICC tourney 1900 (45 10)"]
[Site "Internet Chess Club"]
[Date "2020.07.04"]
[Round "3"]
[White "xyzchessdude"]
[Black "duckmaster07"]
[Result "1-0"]
[ICCResult "Black resigns"]
[WhiteElo "1510"]
[BlackElo "1425"]
[Opening "R?ti: King's Indian attack (with ...c5)"]
[ECO "A08"]
[NIC "QP.09"]
[Time "16:03:31"]
[TimeControl "2700+10"]

1. Nf3 d5 2. g3 c5 3. c4 Nf6 4. Bg2 Nc6 5. O-O e5 6. cxd5 Nxd5 7. Nc3 Be6 8.
Qa4 f6 9. Nxd5 Bxd5 10. d3 Be7 11. Be3 O-O 12. Rfc1 b6 13. a3 Bxf3 14. Bxf3
Nd4 15. Bxd4 exd4 16. Bxa8 Qxa8 17. Qc4+ Kh8 18. b4 Re8 19. Rc2 f5 20. Qf7
Qc8 21. bxc5 Bxc5 22. a4 Rf8 23. Qd5 f4 24. a5 fxg3 25. hxg3 Rf5 26. Qe4 Qf8
27. Qg2 h6 28. axb6 Bxb6 29. Rac1 Kh7 30. Rc8 Qf7 31. Qe4 g6 32. f3 Rg5 33.
Re8 {Black resigns} 1-0

[Event "ICC tourney 1900 (45 10)"]
[Site "Internet Chess Club"]
[Date "2020.07.04"]
[Round "3"]
[White "saisneha"]
[Black "brilliantnessme"]
[Result "1/2-1/2"]
[ICCResult "Game drawn by mutual agreement"]
[WhiteElo "1566"]
[BlackElo "1565"]
[Opening "QGD: exchange, positional line, 6.Qc2"]
[ECO "D36"]
[NIC "QO.16"]
[Time "16:03:50"]
[TimeControl "2700+10"]

1. d4 d5 2. c4 e6 3. Nc3 Nf6 4. cxd5 exd5 5. Bg5 c6 6. Qc2 Be7 7. e3 Nbd7 8.
Bd3 h6 9. Bh4 Nh5 10. Bg3 Nxg3 11. hxg3 Nf6 12. Nf3 Bd6 13. Nh4 Qe7 14. O-O
O-O 15. Rfe1 Qc7 16. Rac1 Be6 17. Nb5 Qd7 18. Nxd6 Qxd6 19. Qb3 b6 20. Nf5
Bxf5 21. Bxf5 g6 22. Bd3 c5 23. dxc5 bxc5 24. Qa3 Nd7 25. Red1 Qe6 26. Bb5
Nf6 27. Qxc5 Rab8 28. b4 Rfc8 29. Bc6 Ne4 30. Qxd5 Qxd5 31. Rxd5 Rxb4 32.
Rd4 Rxd4 33. exd4 Kf8 34. d5 Nd6 35. Rb1 Nc4 36. Rb7 Na5 37. Rxa7 Nxc6 38.
dxc6 Rxc6 39. Kh2 Rc1 40. a4 h5 41. a5 Ra1 42. a6 Ra2 43. Ra8+ Kg7 44. a7
Kh7 45. Kh3 Kg7 46. f3 Ra1 47. Kh2 Kh7 48. g4 hxg4 49. fxg4 Kg7 50. Kg3 g5
51. Kf3 Ra3+ 52. Ke4 Ra4+ 53. Ke5 Ra5+ 54. Kd6 Ra1 55. Kc7 Rc1+ 56. Kb7 Rb1+
57. Kc6 Rc1+ 58. Kd5 Ra1 59. Kc4 Ra2 60. Kb5 Ra1 61. Kb4 Ra2 62. Kb3 Ra1 63.
Kc3 Ra3+ 64. Kd4 Ra2 65. Ke3 Ra3+ 66. Kd2 Ra2+ 67. Ke1 Ra3 68. Kf2 Ra2+ 69.
Kg3 Ra3+ 70. Kh2 Ra1 {Game drawn by mutual agreement} 1/2-1/2

[Event "ICC tourney 1900 (45 10)"]
[Site "Internet Chess Club"]
[Date "2020.07.04"]
[Round "3"]
[White "KyleZhuang"]
[Black "sathviks"]
[Result "0-1"]
[ICCResult "White resigns"]
[WhiteElo "1439"]
[BlackElo "1604"]
[Opening "Scandinavian defense"]
[ECO "B01"]
[NIC "SD.01"]
[Time "16:03:47"]
[TimeControl "2700+10"]

1. e4 d5 2. exd5 Qxd5 3. Nc3 Qa5 4. Nf3 Nf6 5. d4 Bf5 6. Bd3 e6 7. O-O Be7
8. Bf4 c6 9. Ne5 Bxd3 10. Qxd3 O-O 11. Ne4 Nxe4 12. Qxe4 Qd5 13. Qd3 Rd8 14.
Rad1 Qxa2 15. b3 Qa6 16. Nc4 c5 17. Qg3 Nc6 18. dxc5 Bxc5 19. Bg5 Rxd1 20.
Rxd1 Nb4 21. Qc7 b6 22. h3 Nd5 23. Qd7 h6 24. Bh4 Qc8 25. Qxc8+ Rxc8 26. Ne5
f6 27. Ng4 h5 28. Ne3 Nxe3 29. fxe3 Bxe3+ 30. Kf1 Rxc2 31. Re1 Rc1 32. Rxc1
Bxc1 33. Ke2 Bf4 34. Bf2 Kf7 35. Kd3 Ke7 36. Kc4 e5 37. Kd5 Kd7 38. Be1 a5
39. Bf2 b5 40. Kc5 e4 41. Kxb5 Bd2 42. Kc4 e3 43. Bg3 e2 44. Kd3 e1=Q 45.
Bxe1 Bxe1 46. Kc4 Kd6 47. Kd4 h4 48. Kc4 Ke5 49. Kd3 Kf4 50. Ke2 Bb4 51. Kf2
Bc5+ 52. Ke2 Kg3 53. Kf1 Bd4 {White resigns} 0-1

[Event "ICC tourney 1900 (45 10)"]
[Site "Internet Chess Club"]
[Date "2020.07.04"]
[Round "3"]
[White "StevChess01"]
[Black "dabpacman"]
[Result "1-0"]
[ICCResult "Black resigns"]
[WhiteElo "1412"]
[BlackElo "1202"]
[Opening "Benk? gambit half accepted"]
[ECO "A57"]
[NIC "BI.45"]
[Time "16:03:34"]
[TimeControl "2700+10"]

1. d4 Nf6 2. c4 c5 3. d5 b5 4. cxb5 a6 5. f3 g6 6. e4 d6 7. a4 axb5 8. Bxb5+
Bd7 9. Na3 Bg7 10. Ne2 Na6 11. Nc3 O-O 12. O-O Bxb5 13. axb5 Nb4 14. Bg5 Nd7
15. Qd2 Ne5 16. Bh6 Qc7 17. Bxg7 Kxg7 18. Qe2 f5 19. Nc4 Nxc4 20. Qxc4 Ra5
21. Rxa5 Qxa5 22. Qe2 Qb6 23. Kh1 f4 24. e5 Rf5 25. exd6 Qxd6 26. Rd1 Re5
27. Qc4 e6 28. Ne4 Rxd5 29. Rxd5 Qxd5 30. Qxd5 exd5 31. Nxc5 Kf7 32. Na6 Nc6
33. bxc6 Ke7 34. Nb4 d4 35. Kg1 Kd6 36. Kf2 {Black resigns} 1-0